 Dungeon Crawl Stone Soup version 0.17.1-3-g152610e (webtiles) character file.

42028 janheldal the Severer (level 14, -1/121 HPs)
             Began as a Hill Orc Gladiator on Jan 26, 2016.
             Was an Elder of Okawaru.
             Killed from afar by a frost giant (24 damage)
             ... with a bolt of cold
             ... in an ice cave on Feb 23, 2016.
             The game lasted 11:30:49 (18968 turns).

janheldal the Severer (Hill Orc Gladiator)         Turns: 18968, Time: 11:30:57

Health: -1/121     AC: 20    Str: 27    XL:     14   Next: 18%
Magic:  15/15      EV: 12    Int:  8    God:    Okawaru [****..]
Gold:   792        SH:  6    Dex: 12    Spells: 0 memorised, 13 levels left

rFire  x . .     SeeInvis .     j - +1 war axe
rCold  + . .     Clarity  .     h - +4 chain mail
rNeg   . . .     SustAt   .     R - +0 buckler
rPois  .         Gourm    .     B - +0 helmet
rElec  .         Spirit   .     d - +0 cloak
rCorr  .         Warding  .     (no gloves)
rMut   .         Stasis   .     (no boots)
MR     +....                    W - amulet of regeneration
Stlth  ..........               I - ring of ice
                                N - +5 ring of strength

@: heroism, cleaving, somewhat resistant to hostile enchantments, extremely
unstealthy
A: icy blue scales 1, frail 1, evolution 1
a: Heroism, Renounce Religion


You were in an ice cave.
You worshipped Okawaru.
Okawaru was greatly pleased with you.
You were not hungry.

You visited 2 branches of the dungeon, and saw 14 of its levels.
You also visited: Ice Cave.

You collected 792 gold pieces.

Inventory:

Hand Weapons
 c - a +1 dagger of draining
 j - a +1 war axe (weapon)
 n - a +0 trident of protection
 s - a +1 trident of venom
 F - a +0 blowgun
 M - the +3 hand axe "Wulah" {holy, rElec Str+3}
   (You found it on level 10 of the Dungeon)

   It has been blessed by the Shining One to cause great damage to the undead
   and demons.
   It affects your strength (+3).
   It insulates you from electricity.
 T - a +1 short sword of holy wrath
Missiles
 l - 432 stones
 D - 35 poisoned needles
 G - 5 curare-tipped needles
 O - 5 javelins (quivered)
 Z - 3 tomahawks
Armour
 b - a +1 robe of cold resistance
 d - a +0 cloak (worn)
 h - a +4 chain mail (worn)
 q - a +0 ring mail of poison resistance
 y - a troll hide
 B - a +0 helmet (worn)
 R - a +0 buckler (worn)
Magical Staves
 o - an uncursed staff of summoning
Jewellery
 r - an uncursed ring of poison resistance
 x - an uncursed ring of positive energy
 I - a ring of ice (right hand)
 N - a +5 ring of strength (left hand)
 W - an amulet of regeneration (around neck)
Wands
 m - a wand of confusion (25)
 p - a wand of polymorph (5)
 u - a wand of polymorph (9)
 A - a wand of flame (11)
 C - a wand of paralysis (11)
 E - a wand of lightning (5)
 H - a wand of slowing (29)
 K - a wand of magic darts (13)
 S - a wand of draining (7)
Scrolls
 f - a scroll of identify
 g - a scroll of remove curse
 w - 2 scrolls of fear
 z - a scroll of teleportation
 P - a scroll of random uselessness
Potions
 k - 3 potions of flight
 v - 4 potions of cancellation
 L - 2 potions of curing
Books
 J - a book of Summonings

   Spells                             Type                      Level
   a - Recall                         Summoning/Translocation      3
   b - Aura of Abjuration             Summoning                    5
   c - Shadow Creatures               Summoning                    5
   d - Summon Demon                   Summoning                    5
   e - Summon Forest                  Summoning/Translocation      5
   f - Summon Mana Viper              Hexes/Summoning              5
Miscellaneous
 a - a plain deck of defence {drawn: 1}
Comestibles
 e - 9 bread rations
 i - 21 chunks of flesh
 Q - 7 slices of pizza


   Skills:
 + Level 15.1(16.1) Fighting
 + Level 15.2(16.2) Axes
 - Level 2.4(6.2) Throwing
 + Level 11.9(12.9) Armour
 + Level 4.8(7.4) Dodging
 + Level 3.6(6.8) Stealth
 + Level 10.0(11.0) Shields
 + Level 1.3(0.6) Invocations
 + Level 0.4(0.2) Evocations


You had 13 spell levels left.
You didn't know any spells.

Dungeon Overview and Level Annotations

Branches:
Dungeon (13/15)            Temple (1/1) D:7            Lair (0/8) D:11
    Orc (0/4) D:9
 Vaults: D:13-14

Altars:
Ashenzari
Cheibriados
Dithmenos
Elyvilon
Fedhas
Gozag
Kikubaaqudgha
Makhleb
Nemelex Xobeh
Okawaru
Qazlal
Ru
Sif Muna
Trog
Vehumet
Xom
Yredelemnul
Zin
The Shining One

Shops:
D:6 }[

Annotations:
D:4 Armus69's ghost, novice MiBe
D:7 exclusion: door
D:9 exclusion: 2 doors
D:11 exclusions: 5 doors and hydra
D:13 exclusion: ice statue


Innate Abilities, Weirdness & Mutations

You are partially covered in icy blue scales (AC +1).
You are frail (-10% HP).
You evolve.


Message History

Press: ? - help, Shift-Dir - straight line, f/p - frost giant
Aim: a frost giant, wielding a battleaxe of freezing (moderately wounded, chance to defeat MR: 6%)
Okay, then.
Evoke which item? (* to show all) (? for menu, Esc to quit)
Zapping:
u - a wand of polymorph {zapped: 4} (will waste charges)
Press: ? - help, Shift-Dir - straight line, f/p - frost giant
Aim: a frost giant, wielding a battleaxe of freezing (moderately wounded, chance to defeat MR: 6%)
Okay, then.
Evoke which item? (* to show all) (? for menu, Esc to quit)
Zapping:
S - a wand of draining (8)
Press: ? - help, Shift-Dir - straight line, f/p - frost giant
Aim: a frost giant, wielding a battleaxe of freezing (moderately wounded)
The bolt of negative energy hits the frost giant.
The frost giant is drained!
The frost giant is heavily wounded.
This wand has 7 charges left.
The polar bear seems to regain its courage.
The frost giant gestures at you while chanting.
The bolt of cold hits you! You resist.
You die...

##hh#
..h.
Yh.#
...
..##
.(#
#C#
##@#
#.##
#.##
#..#
##.#
##.#
###.##
##.#.#
#....#


You could see a frost giant, 4 polar bears and a yak.

Vanquished Creatures
  Fannar (D:12)
  The ghost of SirMumm the Thaumaturge, a journeyman DEWz of Vehumet (D:13)
  A centaur warrior (D:13)
  A death yak (IceCv)
  Urug (D:12)
  4 skeletal warriors
  5 hill giants
  An ugly thing (D:13)
  Maurice (D:9)
  Joseph (D:8)
  A centaur zombie (D:12)
  A gargoyle (D:10)
  The ghost of Clownie the Caller, a novice HESu (D:7)
  2 trolls
  10 polar bears (IceCv)
  A trapdoor spider zombie (D:10)
  A human (D:7)
  A wraith (D:13)
  30 yaks
  A deep elf mage (D:13)
  A deep elf fighter (D:11)
  A hog (D:7)
  2 hippogriffs
  3 hungry ghosts
  8 wolves (IceCv)
  Menkaure (D:5)
  3 ice beasts
  2 water moccasins
  4 sky beasts
  3 phantoms
  6 orc warriors
  The ghost of sKa the Bolt Thrower, an amateur MiHu of Nemelex Xobeh (D:3)
  3 necrophages
  3 ogres
  2 eyes of draining
  The ghost of SuperDogSuperDog the Ducker, an amateur MfGl (D:6)
  2 centaurs (D:7)
  3 giant frogs
  12 big kobolds
  A gnoll sergeant (D:13)
  6 scorpions
  A water moccasin skeleton (D:8)
  7 wights
  7 killer bees
  A giant frog zombie (D:10)
  9 crimson imps
  6 orc priests
  8 orc wizards
  3 centaur skeletons
  12 hounds
  An iguana (D:10)
  3 jellies
  A gnoll shaman (D:7)
  12 worker ants
  A killer bee zombie (D:9)
  A sheep (D:7)
  2 worker ant zombies
  15 adders
  14 gnolls
  A river rat (D:11)
  2 shadow imps
  2 oozes (D:1)
  3 adder skeletons
  4 worms
  3 giant geckos
  33 orcs
  3 ball pythons
  14 bats
  5 giant cockroaches
  6 hobgoblins
  7 jackals
  3 quokkas
  5 giant newts
  12 goblins
  44 kobolds
  19 rats
  A fungus (D:11)
  3 plants (D:5)
408 creatures vanquished.

Vanquished Creatures (others)
  2 wolves (IceCv)
  2 gnolls (D:13)
  5 fungi (D:11)
  A plant (D:11)
10 creatures vanquished.

Grand Total: 418 creatures vanquished

Notes
Turn   | Place    | Note
--------------------------------------------------------------
     0 | D:1      | janheldal the Hill Orc Gladiator began the quest for the Orb.
     0 | D:1      | Reached XP level 1. HP: 18/18 MP: 1/1
   155 | D:1      | Reached XP level 2. HP: 25/25 MP: 2/2
   237 | D:1      | You fall through a shaft!
   292 | D:2      | Found a sacrificial altar of Ru.
   325 | D:2      | Found a shattered altar of Ashenzari.
   341 | D:2      | Found a faded altar to an unknown god.
   857 | D:1      | Reached XP level 3. HP: 28/30 MP: 3/3
  1465 | D:2      | Found a glowing silver altar of Zin.
  1636 | D:2      | Reached skill level 5 in Axes
  1636 | D:2      | Reached XP level 4. HP: 34/37 MP: 4/4
  1884 | D:2      | Reached skill level 1 in Armour
  2144 | D:2      | Became a worshipper of Ashenzari the Shackled
  2144 | D:2      | Reached * piety under Ashenzari
  2506 | D:3      | Noticed sKa's ghost (amateur MiHu)
  2532 | D:3      | Killed sKa's ghost
  2532 | D:3      | Reached XP level 5. HP: 19/45 MP: 5/5
  2717 | D:3      | Reached skill level 6 in Axes
  2840 | D:3      | Found a shadowy altar of Dithmenos.
  3009 | D:3      | Reached XP level 6. HP: 44/51 MP: 6/6
  3089 | D:3      | Found a burning altar of Makhleb.
  4110 | D:4      | Noticed Armus69's ghost (novice MiBe)
  5218 | D:5      | Entered Level 5 of the Dungeon
  5238 | D:5      | Reached ** piety under Ashenzari
  5515 | D:5      | Reached XP level 7. HP: 46/59 MP: 7/7
  5632 | D:5      | Reached skill level 7 in Axes
  5699 | D:5      | Noticed Menkaure
  5742 | D:5      | Killed Menkaure
  5742 | D:5      | Reached skill level 5 in Armour
  5945 | D:5      | Identified the +2 spear of Embarrassment {flame, Int+2} (You took it off a kobold on level 5 of the Dungeon)
  5984 | D:5      | Reached skill level 8 in Axes
  5984 | D:5      | Reached XP level 8. HP: 52/67 MP: 8/8
  6283 | D:5      | Found a white marble altar of Elyvilon.
  6372 | D:4      | Found a stormy altar of Qazlal.
  6528 | D:5      | Reached skill level 5 in Fighting
  6728 | D:5      | Reached skill level 1 in Stealth
  7133 | D:6      | Identified the cursed +3 quarterstaff "Kabremp" {venom, rElec rC+ Int+4}
  7137 | D:6      | Found an ancient bone altar of Kikubaaqudgha.
  7158 | D:6      | Found a shattered altar of Ashenzari.
  7204 | D:6      | Found Gemolome's Antique Armour Boutique.
  7220 | D:6      | Found Kydyhyle's Gadget Shoppe.
  7388 | D:6      | Noticed SuperDogSuperDog's ghost (amateur MfGl)
  7413 | D:6      | Killed SuperDogSuperDog's ghost
  7567 | D:6      | Reached skill level 9 in Axes
  7841 | D:7      | Noticed Clownie's ghost (novice HESu)
  7851 | D:7      | Reached XP level 9. HP: 70/75 MP: 9/9
  7853 | D:7      | Reached skill level 10 in Axes
  7867 | D:7      | Killed Clownie's ghost
  8170 | D:7      | Upgraded the game from 0.17.1-2-g5865329 to 0.17.1-3-g152610e
  8678 | D:7      | Reached skill level 11 in Axes
  9235 | D:7      | Found an iron altar of Okawaru.
  9247 | D:7      | Found a staircase to the Ecumenical Temple.
  9255 | Temple   | Entered the Ecumenical Temple
  9587 | D:8      | Found a radiant altar of Vehumet.
  9592 | D:8      | Reached XP level 10. HP: 73/88 MP: 10/10
 10168 | D:8      | Reached skill level 12 in Axes
 10341 | D:8      | Found a snail-covered altar of Cheibriados.
 10594 | D:8      | Noticed Joseph
 10619 | D:8      | Killed Joseph
 10829 | D:8      | Reached *** piety under Ashenzari
 10969 | D:9      | Noticed Maurice
 10989 | D:9      | Killed Maurice
 10989 | D:9      | Reached skill level 1 in Shields
 11068 | D:9      | Found a staircase to the Orcish Mines.
 11116 | D:9      | Noticed an eight-headed hydra
 11435 | D:9      | Found a deep blue altar of Sif Muna.
 11694 | D:10     | Entered Level 10 of the Dungeon
 11700 | D:10     | Identified the +3 hand axe "Wulah" {holy, rElec Str+3}
 11891 | D:10     | Reached skill level 13 in Axes
 12057 | D:10     | Reached XP level 11. HP: 94/97 MP: 11/11
 12402 | D:9      | HP: 4/97 [eight-headed hydra (3)]
 12931 | D:10     | Reached XP level 12. HP: 104/115 MP: 12/12
 12932 | D:10     | Reached XP level 13. HP: 111/122 MP: 13/13
 12981 | D:10     | Noticed a hill giant
 13004 | D:10     | Killed a hill giant
 13244 | D:10     | Reached skill level 10 in Armour
 14059 | Temple   | Fell from the grace of Ashenzari
 14100 | D:7      | Became a worshipper of Warmaster Okawaru
 14529 | D:10     | Reached skill level 14 in Fighting
 14758 | D:11     | Gained mutation: You are frail (-10% HP). [mutagenic meat]
 14759 | D:11     | Gained mutation: You evolve. [mutagenic meat]
 15079 | D:11     | Found a staircase to the Lair.
 15464 | D:12     | Noticed Fannar
 15553 | D:12     | Killed Fannar
 15553 | D:12     | Reached * piety under Okawaru
 15636 | D:12     | Gained mutation: You are partially covered in icy blue scales (AC +1). [evolution]
 16273 | D:12     | Reached ** piety under Okawaru
 16362 | D:12     | Noticed a frost giant
 16820 | D:12     | Noticed Urug
 16860 | D:12     | Killed Urug
 17828 | D:13     | Noticed SirMumm's ghost (journeyman DEWz)
 17873 | D:13     | Reached skill level 1 in Invocations
 17904 | D:13     | Killed SirMumm's ghost
 17915 | D:13     | Reached *** piety under Okawaru
 18027 | D:13     | Found a frozen archway.
 18054 | IceCv    | Entered an ice cave
 18377 | IceCv    | Reached XP level 14. HP: 60/119 MP: 14/14
 18514 | IceCv    | Reached skill level 15 in Axes
 18779 | IceCv    | Reached **** piety under Okawaru
 18779 | IceCv    | Reached skill level 15 in Fighting
 18930 | IceCv    | Noticed a frost giant
 18950 | IceCv    | Reached skill level 10 in Shields
 18968 | IceCv    | Killed from afar by a frost giant

Action                   |  1- 3 |  4- 6 |  7- 9 | 10-12 | 13-15 || total
-------------------------+-------+-------+-------+-------+-------++-------
Melee: War axe           |   127 |   209 |   404 |   277 |   121 ||  1138
       Hand axe          |       |       |       |     7 |   709 ||   716
       Quarterstaff      |       |       |       |     6 |       ||     6
       Unarmed           |       |       |       |       |    20 ||    20
 Fire: Blowgun           |       |       |       |       |     2 ||     2
Throw: Throwing net      |       |     1 |    10 |     2 |     1 ||    14
       Stone             |       |       |       |    90 |    44 ||   134
       Tomahawk          |       |       |       |    13 |     5 ||    18
       Javelin           |       |       |       |       |    31 ||    31
Invok: Heroism           |       |       |       |       |     7 ||     7
       Renounce Religion |       |       |       |       |     1 ||     1
Evoke: Wand              |       |       |       |       |     7 ||     7
       Deck              |       |       |       |       |     1 ||     1
  Use: Scroll            |     5 |    10 |     2 |    12 |    13 ||    42
       Potion            |       |       |     3 |     2 |     4 ||     9
 Stab: Held in net/web   |       |       |     5 |     2 |       ||     7
       Confused          |       |       |       |       |     2 ||     2
       Fleeing           |       |       |       |       |     1 ||     1
  Eat: Chunk             |     2 |    11 |    14 |     8 |    23 ||    58
       Pizza             |       |       |     1 |       |     1 ||     2
       Beef jerky        |       |       |       |     2 |       ||     2
       Royal jelly       |       |       |       |     1 |       ||     1
       Meat ration       |       |       |       |     1 |       ||     1
       Bread ration      |       |       |       |       |     1 ||     1
